 Dungeon Crawl Stone Soup version 0.17-a0-1-g1f4be75 (webtiles) character file.

275286 McCoppin the Wrestler (level 19, -50/187 HPs)
             Began as a Troll Hunter on Mar 3, 2015.
             Was the Champion of Cheibriados.
             Killed by Shatter
             ... invoked by Jorgrun
              (134 damage)
             ... on level 2 of the Vaults.
             The game lasted 04:22:23 (41196 turns).

McCoppin the Wrestler (Troll Hunter)               Turns: 41196, Time: 04:22:23

Health: -50/187    AC: 21    Str: 43    XL:     19   Next: 93%
Magic:  38/39      EV:  1    Int: 22    God:    Cheibriados [******]
Gold:   2794       SH:  0    Dex: 28    Spells: 0 memorised, 18 levels left

rFire  + + .     SeeInvis +       - Unarmed
rCold  x . .     Clarity  .     w - +0 fire dragon armour
rNeg   + + +     SustAb   .     (shield restricted)
rPois  ∞         Gourm    +     h - +2 hat {SInv}
rElec  .         Spirit   .     d - +2 cloak {rPois}
rCorr  .         Warding  .     (gloves unavailable)
rMut   .         Stasis   .     (boots unavailable)
MR     +....                    m - amulet of regeneration
Stlth  +.........               S - ring of Shaolin {EV+8}
                                b - ring of magical power

@: petrified, very slow, somewhat resistant to hostile enchantments, very
unstealthy
A: unfitting armour, claws 3, rugged brown scales 1, fast metabolism 3,
gourmand, high mp 1, regeneration 2, screaming 2, shaggy fur 1, tough skin 2
a: Bend Time, Temporal Distortion, Slouch, Step From Time, Renounce Religion
}: 1/15 runes: serpentine


You were on level 2 of the Vaults.
You worshipped Cheibriados.
Cheibriados was exalted by your worship.
You were not hungry.

You visited 7 branches of the dungeon, and saw 40 of its levels.
You also visited: Sewer and Ice Cave.

You collected 3802 gold pieces.
You spent 1008 gold pieces at shops.

Inventory:

Hand weapons
 c - a +0 blowgun
 r - a +0 giant spiked club
 U - a +4 eveningstar of crushing
Missiles
 s - 14 large rocks
 v - 8 curare-tipped needles
 H - a throwing net
 J - 362 stones (quivered)
 N - 3 needles of confusion
 O - 51 poisoned needles
 X - 15 tomahawks
Armour
 d - a +2 cloak of poison resistance (worn)
 g - a +0 mottled dragon armour
 h - a +2 hat of see invisible (worn)
 w - a +0 fire dragon armour (worn)
Jewellery
 b - a ring of magical power (left claw)
 i - an uncursed ring of sustain abilities
 m - an amulet of regeneration (around neck)
 x - a cursed ring of teleportation {unknown}
 C - an uncursed ring of ice
 M - an uncursed ring of fire
 Q - an uncursed ring of protection from cold
 S - the ring of Shaolin (right claw) {EV+8}
   (You found it on level 2 of the Lair of Beasts)

   [ring of evasion]

   It affects your evasion (+8).
 Z - an uncursed ring of protection from magic
Magical devices
 l - a wand of teleportation (4)
 L - a wand of digging (10)
 Y - a wand of disintegration (9)
Scrolls
 e - 15 scrolls of remove curse
 k - 2 scrolls of blinking
 p - 5 scrolls of enchant armour
 q - 18 scrolls of teleportation
 t - a scroll of silence
 y - 7 scrolls of recharging
 D - 2 scrolls of fog
 E - 12 scrolls of identify
 F - 4 scrolls of magic mapping
 P - 6 scrolls of fear
Potions
 a - 2 potions of magic
 j - 9 potions of curing
 n - 3 potions of lignification
 o - 2 potions of might
 u - 6 potions of restore abilities
 z - a potion of agility
 B - a potion of resistance
 G - 3 potions of invisibility
 R - a potion of ambrosia
 T - 6 potions of flight
 V - a potion of cancellation
Comestibles
 f - 4 meat rations
 A - 22 bread rations


   Skills:
 - Level 10.0 Fighting
 - Level 15.0 Throwing
 - Level 10.0 Armour
 - Level 12.7 Dodging
 - Level 0.4 Stealth
 + Level 21.3 Unarmed Combat
 - Level 10.0 Invocations


You had 18 spell levels left.
You didn't know any spells.

Dungeon Overview and Level Annotations

Branches:
Dungeon (15/15)            Temple (1/1) D:5            Lair (8/8) D:11
  Swamp (5/5) Lair:3        Snake (5/5) Lair:5        Slime (0/6) Lair:8
    Orc (4/4) D:11            Elf (0/3) Orc:4        Vaults (2/5) D:14
 Depths (0/5) D:15
  Crypt: Vaults:2-3

Altars:
Ashenzari
Cheibriados
Dithmenos
Elyvilon
Fedhas
Gozag
Kikubaaqudgha
Makhleb
Nemelex Xobeh
Okawaru
Qazlal
Ru
Sif Muna
Trog
Vehumet
Xom
Yredelemnul
Zin
The Shining One

Shops:
D:4 (   D:6 [   D:13 :   Orc:1 ?   Orc:4 *=?=   Snake:2 %

Annotations:
Swamp:5 Lernaean hydra
Vaults:2 Jorgrun, Mennas


Innate Abilities, Weirdness & Mutations

You are too large for most types of armour.
You have claws for hands.
Your metabolism is lightning-fast.
You like to eat raw meat.
You heal very quickly.
You are covered in fur (AC +1).
You have very tough skin (AC +2).
You are partially covered in rugged brown scales (AC +1, +3% HP).
You have an increased reservoir of magic (+10% MP).
You sometimes yell uncontrollably at your foes.


Message History

You start resting.
Jorgrun gestures wildly while chanting.
The dungeon rumbles around Jorgrun!
You shudder from the earth-shattering force.
Ka-crash!
Jorgrun casts a spell.
The dungeon rumbles around Jorgrun!
Ka-crash!
Jorgrun points at you and mumbles some strange words.
You are slowing down.
Your limbs are stiffening.
Jorgrun closely misses you.
You have turned to stone.
Jorgrun hits you but does no damage. Jorgrun hits you but does no damage.
Jorgrun says, "I've ne'er se'n tha particular type o' rock formation 'fore."
Jorgrun hits you with a staff of earth.
Jorgrun casts a spell.
The dungeon rumbles around Jorgrun!
You shudder from the earth-shattering force.
Ouch! That really hurt!
You die...

##########################
...........................
.......))g@.)).............
........)..................
.....####.#.##############
.... ##### ... .


You could see Jorgrun.

Vanquished Creatures
  Norris (Snake:2)
  Saint Roka (Vaults:2)
  A tentacled monstrosity (Swamp:5)
  Vashnia (Snake:2)
  A storm dragon (Vaults:1)
  A tengu reaver (Vaults:1)
  Rupert (D:14)
  2 thorn hunters
  Frances (Snake:5)
  Donald (Swamp:4)
  Wiglaf (Snake:2)
  Maud (Snake:1)
  9 greater nagas
  An orc warlord (Orc:4)
  Aizul (Swamp:4)
  Gastronok (D:8)
  5 vault wardens
  2 ironheart preservers
  2 stone giants (Vaults:1)
  A deep elf annihilator (Vaults:2)
  Azrael (Snake:2)
  3 vault guards
  Snorg (Lair:8)
  An ettin (D:15)
  A fire dragon (D:14)
  2 yaktaur captains (Vaults:1)
  Fannar (D:10)
  An ice dragon (Vaults:2)
  A great orb of eyes (Vaults:1)
  Harold (Lair:2)
  40 hydras
  20 naga warriors
  2 ghost crabs
  10 anacondas
  5 centaur warriors
  2 large abominations (Vaults:2)
  3 alligators
  3 ogre magi
  10 death yaks
  A tengu warrior (D:12)
  The ghost of vatarom the Nimble, a powerful VSAs of Okawaru (D:12)
  11 shock serpents
  20 naga sharpshooters
  The ghost of dysrexia the Cleaver, an experienced DDFi of Makhleb (Lair:1)
  4 orc high priests (Orc:4)
  A sun demon (Vaults:1)
  3 deep elf knights
  A salamander mystic (Snake:5)
  2 ice devils (IceCv)
  A deep elf summoner (Vaults:2)
  3 unseen horrors
  2 shambling mangroves (Swamp:4)
  6 orc knights
  A necromancer (IceCv)
  3 ice statues (IceCv)
  15 hill giants
  2 sea snakes (Snake:3)
  14 swamp dragons
  A griffon (Lair:3)
  2 wizards
  A manticore (shapeshifter) (Vaults:1)
  10 ugly things
  4 deep elf conjurers
  4 mana vipers
  2 ironbrand convokers (Vaults:2)
  3 manticores
  5 naga ritualists
  5 orc sorcerers
  4 cyclopes
  3 hornets (Vaults:1)
  38 slime creatures
  3 salamanders (Snake:1)
  3 vault sentinels
  An octopode (shapeshifter) (D:12)
  15 spiny frogs
  3 centaur zombies
  4 centaur skeletons
  A guardian serpent (Snake:2)
  7 elephants
  A torpor snail (Lair:8)
  47 black mambas
  2 kobold demonologists
  An orange demon (Orc:4)
  18 yaktaurs
  25 naga magi
  9 komodo dragons
  A deep elf priest (Vaults:2)
  4 fire drakes
  5 spriggan druids
  7 giant leeches
  3 freezing wraiths
  8 two-headed ogres
  A polar bear (shapeshifter) (D:15)
  A queen bee (shapeshifter) (Vaults:2)
  Grinder (D:6)
  Prince Ribbit (Orc:1)
  A giant leech (shapeshifter) (Vaults:1)
  8 polar bears
  23 blink frogs
  A jumping spider (Vaults:2)
  9 trolls
  7 bog bodies
  6 blue devils (IceCv)
  2 ravens (Swamp:4)
  2 baby alligators (Swamp:5)
  2 basilisks
  6 deep elf magi
  2 wyverns
  5 fire elementals (Snake:2)
  8 redbacks
  3 wraiths
  2 shadows
  4 deep elf fighters (Vaults:2)
  29 yaks
  20 spriggans
  2 chaos spawn (Orc:4)
  Grum (D:8)
  44 vampire mosquitoes
  2 mottled dragons
  45 nagas
  58 wolves
  A steam dragon (D:8)
  5 wargs
  5 hippogriffs
  27 swamp worms
  Edmund (Orc:1)
  Menkaure (D:6)
  32 insubstantial wisps
  3 hell hounds (Snake:2)
  41 water moccasins
  11 swamp drakes
  17 ice beasts
  9 black bears
  An eye of draining (D:12)
  31 ogres
  A phantom (D:4)
  The ghost of McCoppin the Covert, an average NaAs (D:3)
  2 necrophages (D:7)
  11 porcupines
  13 wasps
  36 orc warriors
  2 sky beasts
  20 crocodiles
  Duvessa (D:6)
  2 elf zombies (D:7)
  24 centaurs
  3 big kobolds
  23 giant frogs
  A wyvern skeleton (D:9)
  4 scorpions
  11 killer bees
  8 wights
  2 goliath beetles
  8 crimson imps
  4 electric eels
  A wasp zombie (D:7)
  Dowan (D:6)
  16 hounds
  41 orc priests
  An orc simulacrum (Vaults:1)
  3 draconian simulacra (IceCv)
  7 jellies
  A giant frog zombie (D:8)
  Crazy Yiuf (D:6)
  3 human zombies (D:7)
  A giant frog skeleton (D:9)
  3 iron imps (D:9)
  48 orc wizards
  11 worker ants
  10 iguanas
  2 human skeletons (D:7)
  A spriggan simulacrum (IceCv)
  19 sheep
  3 troll simulacra (IceCv)
  A mummy (D:7)
  A worker ant zombie (D:10)
  4 gnolls (D:12)
  91 river rats
  25 adders
  2 naga simulacra (IceCv)
  An ogre simulacrum (IceCv)
  A shadow imp (Temple)
  A giant mite (D:2)
  A worm (D:5)
  2 ufetubi (Orc:4)
  An adder skeleton (D:7)
  4 oozes (Lair:8)
  208 orcs
  3 ball pythons
  A bat skeleton (D:7)
  6 giant cockroaches
  28 goblins
  13 hobgoblins
  7 jackals
  18 quokkas
  14 bats
  6 giant geckos
  6 giant newts
  A giant spore (D:11)
  31 kobolds
  A quokka skeleton (D:8)
  22 rats
  A spectral giant newt (Swamp:5)
  9 ballistomycetes
  A fungus (Lair:1)
1827 creatures vanquished.

Vanquished Creatures (others)
  2 blink frogs (Lair:8)
  2 slime creatures (Swamp:3)
  A raven (Swamp:4)
  2 nagas (Snake:5)
  A water moccasin (Swamp:3)
  A crocodile (Swamp:3)
  A centaur skeleton (D:11)
  A shadow imp (D:11)
  3 orcs (Vaults:2)
  A kobold (D:11)
  2 giant spores
  2 ballistomycetes (D:15)
  A crawling corpse (Vaults:2)
  8 fungi
  4 plants
32 creatures vanquished.

Grand Total: 1859 creatures vanquished

Notes
Turn   | Place    | Note
--------------------------------------------------------------
     0 | D:1      | McCoppin, the Troll Hunter, began the quest for the Orb.
     0 | D:1      | Reached XP level 1. HP: 19/19 MP: 1/1
   189 | D:1      | Reached skill level 1 in Unarmed Combat
   363 | D:1      | Reached XP level 2. HP: 21/27 MP: 1/1
  1248 | D:2      | Reached XP level 3. HP: 33/33 MP: 2/2
  2099 | D:3      | Noticed McCoppin's ghost (average NaAs)
  2109 | D:3      | Killed McCoppin's ghost
  2109 | D:3      | Reached skill level 4 in Unarmed Combat
  2109 | D:3      | Reached XP level 4. HP: 36/41 MP: 2/2
  2109 | D:3      | Reached XP level 5. HP: 42/48 MP: 2/2
  2187 | D:3      | Reached skill level 5 in Unarmed Combat
  2449 | D:3      | Found a bloodstained altar of Trog.
  2503 | D:3      | Found an opulent altar of Gozag.
  2503 | D:3      | Found a glowing silver altar of Zin.
  2804 | D:4      | Gained mutation: You have an increased reservoir of magic (+10% MP). [potion of beneficial mutation]
  2839 | D:4      | Reached XP level 6. HP: 42/55 MP: 3/3
  2868 | D:4      | Found Koocymuy's Antique Weapon Shoppe.
  2891 | D:4      | Reached skill level 6 in Unarmed Combat
  3505 | D:4      | Reached skill level 7 in Unarmed Combat
  3560 | D:4      | Noticed a phantom
  3581 | D:4      | Killed a phantom
  3581 | D:4      | Reached XP level 7. HP: 47/62 MP: 3/3
  3616 | D:5      | Entered Level 5 of the Dungeon
  3648 | D:5      | Found a glowing drain.
  3689 | Sewer    | Entered a sewer
  3758 | Sewer    | Reached skill level 8 in Unarmed Combat
  3984 | D:5      | Found a white marble altar of Elyvilon.
  4005 | D:5      | Found a staircase to the Ecumenical Temple.
  4026 | Temple   | Entered the Ecumenical Temple
  4106 | Temple   | Became a worshipper of Cheibriados the Contemplative
  4221 | D:5      | Reached skill level 9 in Unarmed Combat
  4224 | D:5      | Reached XP level 8. HP: 30/70 MP: 3/3
  4383 | D:5      | Reached skill level 10 in Unarmed Combat
  4600 | D:5      | Found a basalt altar of Yredelemnul.
  4833 | D:6      | Found Mypan's Armour Emporium.
  4918 | D:6      | Noticed Menkaure
  4922 | D:6      | Killed Menkaure
  4989 | D:6      | Noticed Grinder
  4993 | D:6      | Killed Grinder
  4993 | D:6      | Reached XP level 9. HP: 84/84 MP: 4/4
  5016 | D:6      | Noticed Duvessa
  5019 | D:6      | Noticed Dowan
  5024 | D:6      | Killed Duvessa
  5035 | D:6      | Killed Dowan
  5039 | D:6      | Found a glowing golden altar of the Shining One.
  5114 | D:6      | Found a stormy altar of Qazlal.
  5445 | D:6      | Noticed Crazy Yiuf
  5470 | D:6      | Killed Crazy Yiuf
  5567 | D:7      | Reached skill level 5 in Dodging
  5627 | D:7      | Gained mutation: You are partially covered in rugged brown scales (AC +1, +3% HP). [potion of beneficial mutation]
  5650 | D:7      | Reached skill level 5 in Fighting
  5735 | D:7      | Found an ancient bone altar of Kikubaaqudgha.
  5923 | D:7      | Found a radiant altar of Vehumet.
  5955 | D:7      | Found a shimmering altar of Xom.
  5961 | D:7      | Acquired Cheibriados' second power
  6128 | D:8      | Reached XP level 10. HP: 100/103 MP: 4/4
  6161 | D:8      | Upgraded the game from 0.16-a0-4127-g24fbb24 to 0.17-a0-1-g1f4be75
  6173 | D:8      | Found an iron altar of Okawaru.
  6648 | D:8      | Found a shattered altar of Ashenzari.
  6657 | D:8      | Noticed Grum
  6668 | D:8      | Killed Grum
  6669 | D:8      | Acquired Cheibriados' third power
  6901 | D:8      | Noticed Gastronok
  6941 | D:8      | Killed Gastronok
  7319 | D:9      | Found a shimmering altar of Xom.
  7638 | D:9      | Acquired Cheibriados' fourth power
  7825 | D:9      | Found a burning altar of Makhleb.
  7964 | D:9      | Reached XP level 11. HP: 116/116 MP: 4/4
  8231 | D:10     | Entered Level 10 of the Dungeon
  8407 | D:10     | Noticed a hill giant
  8414 | D:10     | Killed a hill giant
  8487 | D:10     | Noticed a hill giant
  8494 | D:10     | Killed a hill giant
  8950 | D:10     | Noticed a hill giant
  8950 | D:10     | Noticed a centaur warrior
  8950 | D:10     | Noticed a hill giant
  9001 | D:10     | Noticed a hill giant
  9009 | D:10     | Killed a hill giant
  9235 | D:10     | Noticed Fannar
  9278 | D:10     | Killed Fannar
 10352 | D:11     | Found a staircase to the Lair.
 10415 | D:11     | Found a staircase to the Orcish Mines.
 10428 | D:11     | Reached skill level 10 in Fighting
 10428 | D:11     | Reached skill level 10 in Dodging
 10527 | D:11     | Reached skill level 1 in Invocations
 10529 | D:11     | Reached skill level 1 in Armour
 10729 | Lair:1   | Entered Level 1 of the Lair of Beasts
 11095 | Lair:1   | Noticed dysrexia's ghost (experienced DDFi)
 11103 | Lair:1   | Killed dysrexia's ghost
 11103 | Lair:1   | Reached XP level 12. HP: 103/129 MP: 7/9
 11627 | Lair:2   | Noticed Harold
 11636 | Lair:2   | Killed Harold
 11653 | Lair:2   | Noticed an eight-headed hydra
 11658 | Lair:2   | Killed an eight-headed hydra
 11793 | Lair:2   | Found a frozen archway.
 11830 | IceCv    | Entered an ice cave
 11855 | IceCv    | Reached skill level 5 in Invocations
 11979 | IceCv    | Reached skill level 5 in Armour
 12684 | Lair:2   | Noticed a six-headed hydra
 12691 | Lair:2   | Killed a six-headed hydra
 13232 | Lair:3   | Noticed a six-headed hydra
 13236 | Lair:3   | Killed a six-headed hydra
 13236 | Lair:3   | Reached XP level 13. HP: 136/136 MP: 22/22
 13504 | Lair:3   | Found a staircase to the Swamp.
 15033 | Lair:5   | Found a staircase to the Snake Pit.
 15571 | Lair:5   | Reached skill level 10 in Invocations
 16559 | Lair:6   | Reached XP level 14. HP: 147/147 MP: 26/26
 17006 | Lair:7   | Reached skill level 10 in Armour
 17976 | Lair:7   | Reached skill level 11 in Unarmed Combat
 18007 | Lair:8   | Entered Level 8 of the Lair of Beasts
 18274 | Orc:1    | Entered Level 1 of the Orcish Mines
 18463 | Orc:1    | Found Wypaosm's Magic Scroll Boutique.
 18487 | Orc:1    | Bought a scroll of identify for 24 gold pieces
 18487 | Orc:1    | Bought a scroll of blinking for 90 gold pieces
 18487 | Orc:1    | Bought a scroll of identify for 24 gold pieces
 18487 | Orc:1    | Bought a scroll of identify for 24 gold pieces
 18487 | Orc:1    | Bought a scroll of identify for 24 gold pieces
 18487 | Orc:1    | Bought 3 scrolls of identify for 72 gold pieces
 18487 | Orc:1    | Bought a scroll of identify for 24 gold pieces
 18487 | Orc:1    | Bought a scroll of blinking for 90 gold pieces
 18525 | Orc:1    | Noticed Edmund
 18532 | Orc:1    | Killed Edmund
 18635 | Orc:1    | Noticed Prince Ribbit
 18643 | Orc:1    | Killed Prince Ribbit
 19001 | Orc:1    | Found a bloodstained altar of Trog.
 19834 | Orc:3    | Found a bloodstained altar of Trog.
 20230 | Orc:4    | Entered Level 4 of the Orcish Mines
 20277 | Orc:4    | Found a staircase to the Elven Halls.
 20515 | Orc:4    | Noticed an orc warlord
 20529 | Orc:4    | Killed an orc warlord
 20820 | Orc:4    | Gained mutation: You occasionally shout uncontrollably at your foes. [a neqoxec]
 20821 | Orc:4    | Gained mutation: You sometimes yell uncontrollably at your foes. [a neqoxec]
 20938 | Orc:4    | Reached skill level 12 in Unarmed Combat
 21142 | Orc:4    | Found Klausap's Assorted Antiques.
 21142 | Orc:4    | Found Foinamu's Jewellery Shop.
 21142 | Orc:4    | Found Klougg's Magic Scroll Shop.
 21153 | Orc:4    | Found Etoam's Jewellery Boutique.
 21164 | Orc:4    | Bought a scroll of fog for 28 gold pieces
 21164 | Orc:4    | Bought a scroll of recharging for 133 gold pieces
 21164 | Orc:4    | Bought a scroll of blinking for 105 gold pieces
 21164 | Orc:4    | Bought a scroll of identify for 28 gold pieces
 21164 | Orc:4    | Bought a scroll of recharging for 133 gold pieces
 21164 | Orc:4    | Bought a scroll of magic mapping for 49 gold pieces
 21165 | Orc:4    | Bought a potion of heal wounds for 160 gold pieces
 22040 | Lair:8   | Reached XP level 15. HP: 145/153 MP: 27/27
 22351 | Lair:8   | Found a staircase to the Slime Pits.
 22413 | Lair:8   | Noticed Snorg
 22415 | Lair:8   | Killed Snorg
 23317 | D:11     | Reached skill level 13 in Unarmed Combat
 23864 | D:12     | Noticed vatarom's ghost (powerful VSAs)
 23868 | D:12     | Killed vatarom's ghost
 24133 | D:12     | Found a shimmering altar of Xom.
 24716 | D:13     | Found Piafep's Book Shoppe.
 24725 | D:13     | Reached skill level 5 in Throwing
 25164 | D:14     | Reached skill level 14 in Unarmed Combat
 25279 | D:14     | Noticed Rupert
 25668 | D:14     | Killed Rupert
 25710 | D:14     | Found a gate to the Vaults.
 25986 | D:15     | Entered Level 15 of the Dungeon
 26149 | D:15     | Reached XP level 16. HP: 152/162 MP: 27/27
 26453 | D:15     | Found a staircase to the Depths.
 27114 | Swamp:1  | Entered Level 1 of the Swamp
 27168 | Swamp:1  | Reached skill level 15 in Unarmed Combat
 28431 | Swamp:2  | Found a glowing golden altar of the Shining One.
 29591 | Swamp:4  | Reached skill level 16 in Unarmed Combat
 29603 | Swamp:4  | Noticed Aizul
 29617 | Swamp:4  | Killed Aizul
 29625 | Swamp:4  | Reached skill level 10 in Throwing
 29857 | Swamp:4  | Reached XP level 17. HP: 122/170 MP: 28/28
 30013 | Swamp:4  | Noticed Donald
 30036 | Swamp:4  | Killed Donald
 30551 | Swamp:5  | Entered Level 5 of the Swamp
 30579 | Swamp:5  | Noticed a tentacled monstrosity
 30585 | Swamp:5  | Killed a tentacled monstrosity
 31724 | Swamp:5  | Reached skill level 17 in Unarmed Combat
 32392 | Swamp:5  | Noticed the 27-headed Lernaean hydra
 32732 | Snake:1  | Entered Level 1 of the Snake Pit
 33403 | Snake:1  | Noticed Maud
 33411 | Snake:1  | Killed Maud
 33554 | Snake:2  | Noticed Azrael
 33565 | Snake:2  | Killed Azrael
 33659 | Snake:2  | Noticed Norris
 33678 | Snake:2  | Killed Norris
 33678 | Snake:2  | Reached XP level 18. HP: 157/179 MP: 29/29
 33697 | Snake:2  | Found Pniatusa's Food Shop.
 33945 | Snake:2  | Noticed Vashnia
 33962 | Snake:2  | Paralysed by Vashnia for 4 turns
 33984 | Snake:2  | HP: 7/179 [naga sharpshooter/bolt[Vashnia] (18)]
 34327 | Snake:2  | Reached skill level 18 in Unarmed Combat
 34411 | Snake:2  | Noticed Wiglaf
 34419 | Snake:2  | Killed Wiglaf
 36862 | Snake:5  | Entered Level 5 of the Snake Pit
 37013 | Snake:5  | Got a serpentine rune of Zot
 37014 | Snake:5  | Reached skill level 19 in Unarmed Combat
 37155 | Snake:5  | Noticed Frances
 37161 | Snake:5  | Killed Frances
 37294 | Snake:5  | Reached XP level 19. HP: 159/187 MP: 30/30
 38120 | Snake:2  | Paralysed by Vashnia for 6 turns
 38140 | Snake:2  | Killed Vashnia
 38575 | Snake:1  | Reached skill level 15 in Throwing
 39164 | Vaults:1 | Entered Level 1 of the Vaults
 39465 | Vaults:1 | Reached skill level 20 in Unarmed Combat
 40767 | Vaults:2 | Noticed Saint Roka
 40783 | Vaults:2 | Killed Saint Roka
 40783 | Vaults:2 | Reached skill level 21 in Unarmed Combat
 41126 | Vaults:2 | Noticed Jorgrun
 41126 | Vaults:2 | Noticed Mennas
 41196 | Vaults:2 | Killed from afar by Jorgrun

Action                   |  1- 3 |  4- 6 |  7- 9 | 10-12 | 13-15 | 16-18 | 19-21 || total
-------------------------+-------+-------+-------+-------+-------+-------+-------++-------
Melee: Unarmed           |   125 |   147 |   269 |   613 |  1910 |  1275 |   513 ||  4852
       Giant spiked club |       |       |       |       |       |    79 |       ||    79
 Fire: Blowgun           |       |       |       |       |       |    11 |       ||    11
Throw: Large rock        |     9 |     9 |    38 |    26 |    20 |    84 |       ||   186
       Throwing net      |     2 |     3 |     3 |     3 |     1 |     5 |       ||    17
       Stone             |       |       |       |       |     8 |    54 |       ||    62
       Tomahawk          |       |       |       |       |       |    10 |       ||    10
Invok: Slouch            |       |       |       |     5 |    26 |    24 |     4 ||    59
       Step From Time    |       |       |       |       |       |     2 |     2 ||     4
Evoke: Wand              |       |       |       |     8 |    11 |     8 |       ||    27
  Use: Scroll            |     1 |     9 |     7 |    13 |    11 |    16 |     1 ||    58
       Potion            |       |     2 |     2 |     5 |     2 |     2 |     8 ||    21
 Stab: Sleeping          |       |       |     3 |     6 |     9 |       |       ||    18
       Held in net/web   |       |       |       |     3 |       |       |       ||     3
       Distracted        |       |       |       |       |     2 |     2 |       ||     4
  Eat: Chunk             |    17 |    16 |    16 |    49 |    55 |    59 |     8 ||   220
       Fruit             |     2 |       |       |       |    14 |       |       ||    16
       Beef jerky        |       |       |       |       |     6 |       |       ||     6
       Royal jelly       |       |       |       |       |     1 |       |       ||     1
       Meat ration       |       |       |       |       |     2 |     4 |     4 ||    10
       Pizza             |       |       |       |       |     2 |     2 |       ||     4
